 Dungeon Crawl Stone Soup version 0.20.1-1-g8b1a95d (webtiles) character file.

827 Liatris the Chopper (level 7, -2/52 HPs)
             Began as a Demonspawn Gladiator on Aug 16, 2017.
             Was a Follower of Okawaru.
             Succumbed to a water moccasin's poison
             ... on level 5 of the Dungeon.
             The game lasted 00:24:51 (5415 turns).

Liatris the Chopper (Demonspawn Gladiator)          Turns: 5415, Time: 00:24:53

Health: -2/52      AC:  2    Str: 14 (15) XL:     7   Next: 64%
Magic:  0/7        EV:  9    Int: 13      God:    Okawaru [*.....]
Gold:   199        SH: 12    Dex: 15 (16) Spells: 6/6 levels left

rFire    + . .     SeeInvis +   a - +0 war axe
rCold    . . .     Gourm    .   j - +0 large shield
rNeg     . . .     Faith    .   b - +1 leather armour
rPois    .         Spirit   +   (helmet restricted)
rElec    .         Reflect  .   (no cloak)
rCorr    .         Harm     .   (no gloves)
MR       .....                  (no boots)
Stlth    ++........             (no amulet)
Regen    0.2/turn               l - +4 ring of intelligence
MPRegen  0.1/turn               n - ring of see invisible

@: lethally poisoned (-2 -> -33)
A: beak, talons 1, see invisible, deformed body, fire resistance 1, wild magic
1, magic shield
a: Heroism, Renounce Religion


You were on level 5 of the Dungeon.
You worshipped Okawaru.
Okawaru was aware of your devotion.
You were full.

You visited 1 branch of the dungeon, and saw 5 of its levels.

You collected 199 gold pieces.

Inventory:

Hand Weapons
 a - a +0 war axe (weapon)
 e - a +1 dagger of electrocution
Missiles
 d - 5 throwing nets (quivered)
Armour
 b - a +1 leather armour (worn)
 c - a +0 helmet
 j - a +0 large shield (worn)
Jewellery
 l - a +4 ring of intelligence (left hand)
 n - a ring of see invisible (right hand)
Wands
 i - a wand of paralysis (12/24)
 o - a wand of random effects (23/48)
 q - a wand of confusion (19/48)
 t - a wand of clouds (5/9)
Scrolls
 h - 2 scrolls of recharging
 r - a scroll of noise {unknown}
Potions
 m - 3 potions of flight
 p - a potion of agility {unknown}
Comestibles
 f - a bread ration
 g - a meat ration
 k - 6 fruits


   Skills:
 + Level 3.1 Fighting
 + Level 6.0 Axes
 + Level 1.8 Throwing
 + Level 2.4 Armour
 + Level 4.0 Dodging
 + Level 1.6 Stealth
 + Level 2.2 Shields


You had 6 spell levels left.
You didn't know any spells.

Dungeon Overview and Level Annotations

Branches:
Dungeon (5/15)
 Temple: D:4-7

Altars:
Gozag
Hepliaklqana
Makhleb
Nemelex Xobeh
Okawaru
Qazlal
Ru
Trog
Xom
Yredelemnul

Annotations:
D:3 2 transporters


Innate Abilities, Weirdness & Mutations

You have sharp toenails.
Your flesh is heat resistant. (rF+)
When hurt, damage is shared between your health and your magic reserves.
You have a beak for a mouth.
You have supernaturally acute eyesight. (SInv)
Armour fits poorly on your strangely shaped body.
Your spells are a little harder to cast, but a little more powerful.


Message History

The centaur is heavily wounded.
You slash the water moccasin!
You feel very sick.
The centaur hits you but does no damage.
The water moccasin bites you!
* * * LOW HITPOINT WARNING * * *
The centaur hits you!
* * * LOW HITPOINT WARNING * * *
The water moccasin bites you.
* * * LOW HITPOINT WARNING * * *
You are more poisoned.
The water moccasin poisons you!
You slash the centaur! You claw the centaur.
You kill the centaur!
Okawaru accepts your kill.
You can now gain great but temporary skills.
Your Axes skill increases to level 6!
Your Dodging skill increases to level 4!
You miss the water moccasin.
You die...

####### .......
......> ....... ##
....... .. ..
....... .#+#.#.
......)#####........
......S@(...........
###....(............
#................
#................
#............##
#............#
..............#
...............#
.....#########.#


You could see a water moccasin.

Vanquished Creatures
  An ice beast (D:5)
  A centaur (D:5)
  A howler monkey (D:4)
  A crimson imp (D:5)
  A jelly (D:3)
  2 orc priests
  5 orc wizards
  4 worker ants
  8 adders
  3 gnolls (D:3)
  A shadow imp (D:5)
  9 oozes
  An adder skeleton (D:4)
  4 worms
  2 dart slugs
  2 leopard geckos
  11 orcs
  A ball python (D:5)
  4 bats
  5 giant cockroaches
  9 goblins
  11 hobgoblins
  2 jackals (D:2)
  10 kobolds
  3 quokkas
  4 frilled lizards
  A leopard gecko zombie (D:5)
  7 rats
114 creatures vanquished.

Vanquished Creatures (others)
  A fungus (D:3)
  9 toadstools (D:3)
10 creatures vanquished.

Grand Total: 124 creatures vanquished

Notes
Turn   | Place    | Note
-------+----------+-------------------------------------------
     0 | D:1      | Liatris the Demonspawn Gladiator began the quest for the Orb.
     0 | D:1      | Reached XP level 1. HP: 16/16 MP: 1/1
   219 | D:1      | Reached skill level 3 in Axes
   233 | D:1      | Gained mutation: You have sharp toenails. [demonic ancestry]
   233 | D:1      | Reached XP level 2. HP: 22/22 MP: 2/2
   714 | D:2      | Found a bloodstained altar of Trog.
   715 | D:2      | Found a hazy altar of Hepliaklqana.
   828 | D:2      | Reached XP level 3. HP: 27/27 MP: 3/3
  1164 | D:2      | Gained mutation: When hurt, damage is shared between your health and your magic reserves. [demonic ancestry]
  1164 | D:2      | Reached XP level 4. HP: 34/34 MP: 4/4
  1257 | D:2      | Reached skill level 1 in Armour
  1487 | D:3      | Found an iron altar of Okawaru.
  1511 | D:3      | Reached skill level 4 in Axes
  1720 | D:3      | Became a worshipper of Warmaster Okawaru
  1760 | D:3      | Reached XP level 5. HP: 39/39 MP: 5/5
  1761 | D:3      | Found a transporter.
  1761 | D:3      | Found a transporter.
  1763 | D:3      | Noticed a hippogriff
  2262 | D:3      | Found a shimmering altar of Xom.
  2285 | D:3      | Found a sparkling altar of Nemelex Xobeh.
  2365 | D:3      | Found a burning altar of Makhleb.
  2711 | D:3      | Reached skill level 1 in Shields
  3010 | D:4      | Found a stormy altar of Qazlal.
  3010 | D:4      | Found an opulent altar of Gozag.
  3069 | D:4      | Found a basalt altar of Yredelemnul.
  3080 | D:4      | Reached XP level 6. HP: 46/46 MP: 6/6
  3166 | D:4      | Reached skill level 5 in Axes
  3479 | D:4      | Found a bloodstained altar of Trog.
  3687 | D:4      | Found a sacrificial altar of Ru.
  4135 | D:4      | Gained mutation: You have a pair of small antennae on your head. [potion of mutation]
  4135 | D:4      | Gained mutation: You are resistant to hostile enchantments. (MR+) [potion of mutation]
  4135 | D:4      | Gained mutation: You have supernaturally acute eyesight. (SInv) [potion of mutation]
  4174 | D:4      | Lost mutation: You are resistant to hostile enchantments. (MR+) [potion of mutation]
  4174 | D:4      | Lost mutation: You have a pair of small antennae on your head. [potion of mutation]
  4174 | D:4      | Gained mutation: Armour fits poorly on your strangely shaped body. [potion of mutation]
  4174 | D:4      | Gained mutation: You have a beak for a mouth. [potion of mutation]
  4174 | D:4      | Gained mutation: Your spells are a little harder to cast, but a little more powerful. [potion of mutation]
  4340 | D:4      | Gained mutation: Your flesh is heat resistant. (rF+) [demonic ancestry]
  4340 | D:4      | Reached XP level 7. HP: 27/51 MP: 5/7
  4488 | D:5      | Entered Level 5 of the Dungeon
  4520 | D:5      | Reached skill level 1 in Stealth
  5415 | D:5      | Reached * piety under Okawaru
  5415 | D:5      | Reached skill level 6 in Axes
  5415 | D:5      | Succumbed to a water moccasin's poison

Skill      XL: |  1  2  3  4  5  6  7 |
---------------+----------------------+-----
Axes           | 3 4 5 6 |  6.0
Dodging        | 3 4 |  4.0
Armour         | 1 2 |  2.4
Shields        | 1 2 |  2.2
Stealth        | 1 |  1.6
Fighting       | 3 |  3.1
Throwing       | |  1.8

Action                   |  1- 3 |  4- 6 |  7- 9 || total
-------------------------+-------+-------+-------++-------
Melee: War axe           |    68 |   213 |    54 ||   335
       Kick              |    11 |    60 |    16 ||    87
       Peck              |       |     3 |    14 ||    17
Evoke: Wand              |       |     3 |       ||     3
  Use: Potion            |     5 |     6 |       ||    11
       Scroll            |     3 |     7 |       ||    10
 Stab: Sleeping          |       |     1 |       ||     1
       Invisible         |       |     4 |       ||     4
  Eat: Royal jelly       |     1 |       |     3 ||     4
       Fruit             |       |     3 |       ||     3
       Bread ration      |       |     1 |       ||     1
       Meat ration       |       |     1 |       ||     1
Armor: Leather armour    |    13 |    44 |     9 ||    66
Dodge: Dodged            |    44 |    83 |    25 ||   152
Block: Large shield      |       |   122 |    41 ||   163
